Map: Catalyst LE

Players

Hjax

  • Race: Protoss Protoss
  • Spawn Location: 11:00

Nice - Winner!

  • Race: Protoss Protoss
  • Spawn Location: 5:00

Event: WCS Austin 2018

VOD

Have the link to the VOD?

Description

Time

  • Played on: June 1, 2018, 2:23 p.m.
  • Length: 8:02

All games in this series

Show
View Real Time Build Order
Export as new Build Order

Hjax Protoss 

Build Orders:  

Get SALT Encoding   

  12  0:01  Probe  
  13  0:13  Probe  
  14  0:20  Pylon  
  14  0:25  Probe  
  15  0:34  Probe  
  15  0:41  Gateway  
  15  0:42  Probe  
  16  0:49  Assimilator  
  17  0:52  Probe  
  18  0:58  Assimilator  
  18  1:01  Probe  
  18  1:09  Probe  
  19  1:13  Gateway  
  20  1:18  Probe  
  21  1:30  Probe  
  21  1:31  Cybernetics Core  
  22  1:36  Pylon  
  22  1:43  Probe  
  23  1:55  Probe  
  24  2:07  Probe  
  24  2:08  Stalker, Warp Gate  
  27  2:09  Sentry  
  29  2:29  Pylon  
  28  2:32  Pylon  
  28  2:35  Stalker, Probe  
  31  2:47  Stalker  
  33  3:01  Nexus  
  33  3:06  Pylon  
  33  3:10  Probe  
  34  3:22  Probe  
  34  3:26  Robotics Facility  
  35  3:33  Pylon  
  35  3:38  Probe  
  35  3:39  Shield Battery  
  36  3:50  Probe  
  37  4:02  Probe  
  38  4:03  Forge  
  38  4:13  Stalker x2  
  38  4:14  Probe  
  38  4:15  Probe  
  44  4:18  Protoss Ground Weapons Level 1  
  44  4:22  Probe  
  44  4:23  Probe  
  44  4:30  Probe  
  44  4:31  Probe  
  47  4:41  Probe  
  47  4:43  Probe  
  44  4:48  Stalker x2  
  48  4:53  Probe  
  48  4:55  Probe  
  50  5:01  Observer  
  50  5:05  Probe  
  50  5:06  Pylon  
  52  5:07  Probe  
  52  5:23  Nexus  
  52  5:25  Probe  
  51  5:29  Probe  
  51  5:32  Twilight Council  
  52  5:37  Sentry, Probe  
  52  5:38  Sentry  
  52  5:41  Probe  
  58  5:43  Protoss Ground Weapons Level 2  
  58  5:45  Pylon  
  58  5:49  Probe  
  59  5:50  Charge, Pylon  
  59  5:53  Phoenix, Probe  
  59  5:54  Pylon  
  60  6:01  Probe  
  60  6:02  Pylon  
  61  6:14  Probe  
  61  6:21  Immortal  
  61  6:23  Probe  
  66  6:28  Zealot x2  
  66  6:31  Probe  
  71  6:35  Probe  
  72  6:43  Gateway  
  72  6:44  Gateway  
  72  6:46  Probe  
  73  6:50  Zealot x2  
  73  6:58  Gateway  
  73  6:59  Gateway  
  67  7:11  Stalker  
  67  7:12  Stalker  
  69  7:17  Probe  
  69  7:21  Probe  
  64  7:29  Probe  
  63  7:34  Probe  
  63  7:35  Zealot x2  
  66  7:42  Probe  
  66  7:46  Probe  
  66  7:50  Zealot x2  
  63  7:55  Zealot x3  
Show
View Real Time Build Order
Export as new Build Order

Nice Protoss - Winner!

Build Orders: Oracle Opening 

Get SALT Encoding   

  12  0:00  Probe  
  13  0:12  Probe  
  14  0:17  Pylon  
  14  0:24  Probe  
  15  0:32  Probe  
  15  0:39  Gateway  
  15  0:40  Probe  
  17  0:51  Probe  
  17  0:53  Assimilator  
  18  0:57  Assimilator  
  18  1:02  Probe  
  19  1:08  Gateway  
  19  1:10  Probe  
  19  1:18  Probe  
  21  1:29  Probe, Cybernetics Core  
  22  1:39  Pylon  
  22  1:41  Probe  
  23  1:57  Probe  
  24  2:05  Adept x2  
  24  2:06  Warp Gate  
  28  2:15  Pylon  
  28  2:21  Stargate  
  28  2:35  Stalker  
  28  2:36  Stalker  
  32  2:54  Oracle  
  35  3:12  Shield Battery  
  35  3:23  Nexus  
  35  3:29  Oracle, Pylon  
  36  3:44  Probe  
  37  3:52  Robotics Facility  
  37  4:02  Probe  
  38  4:10  Probe  
  39  4:18  Probe  
  39  4:22  Pylon  
  40  4:27  Sentry x2  
  40  4:28  Probe  
  40  4:30  Forge  
  43  4:40  Probe x2  
  46  4:46  Observer  
  46  4:48  Protoss Ground Weapons Level 1, Probe  
  46  4:50  Pylon  
  46  4:52  Probe  
  47  4:56  Adept x2  
  47  4:59  Probe  
  52  5:04  Probe  
  54  5:09  Assimilator  
  54  5:12  Probe  
  55  5:17  Probe  
  53  5:25  Immortal  
  51  5:29  Assimilator, Probe x2  
  55  5:41  Probe x2  
  55  5:42  Gateway  
  57  5:44  Gateway  
  57  5:49  Gateway  
  57  5:52  Gateway  
  57  5:57  Warp Prism  
  57  6:01  Sentry  
  57  6:02  Sentry  
  63  6:11  Pylon  
  63  6:12  Pylon  
  63  6:18  Probe  
  63  6:25  Stalker x2, Twilight Council  
  68  6:29  Probe  
  68  6:30  Probe  
  68  6:31  Assimilator  
  70  6:39  Pylon  
  70  6:44  Stalker x2  
  70  6:46  Stalker  
  76  6:57  Stalker x2  
  80  7:07  Adept x3  
  86  7:37  Adept x6  
  92  7:57  Adept x2  
  92  7:58  Adept x2  
  89  8:00  Adept x2  
Tags
 
Add a new tag
Caveats
  • Supply blocks, unpowered buildings, or Contaminate may cause inaccurate times.
  • Supply counts are checked every 10 seconds.